 Dungeon Crawl Stone Soup version 0.20.1-1-g8b1a95d (webtiles) character file.

721562 manon the Conqueror (level 27, -29/199 HPs)
             Began as a Gargoyle Fighter on Aug 21, 2017.
             Was the Champion of Ashenzari.
             Killed from afar by a Hell Sentinel (32 damage)
             ... with damnation
             ... on level 7 of the Iron City of Dis on Aug 24, 2017.
             The game lasted 11:44:11 (65082 turns).

manon the Conqueror (Gargoyle Fighter)             Turns: 65082, Time: 11:44:14

Health: -29/199    AC: 59    Str: 30    XL:     27
Magic:  23/23      EV:  8    Int: 17    God:    Ashenzari [******]
Gold:   7266       SH: 27    Dex: 10    Spells: 15/26 levels left

rFire    + + .     SeeInvis +   a - +9 demon whip (vamp)
rCold    + . .     Gourm    .   O - +0 large shield {reflect} (curse)
rNeg     + + .     Faith    .   C - +4 gold dragon scales (curse)
rPois    ∞         Spirit   .   (helmet restricted)
rElec    +         Reflect  +   J - scarf {repulsion} (curse)
rCorr    .         Harm     .   B - +0 pair of gloves "Vismux" {rC+ Dex+3 Slay+2} (curse)
MR       ++++.     Clarity  +   A - +2 pair of boots
Stlth    ..........             l - amulet of regeneration (curse)
Regen    0.9/turn               s - +6 ring of slaying
MPRegen  0.2/turn               m - ring of Cezideum {Fire rN+ MR+ Int+3 Slay+3} (curse)

@: flying, very slightly contaminated, repel missiles
A: antennae 1, big wings, claws 1, icy blue scales 1, clever 1, clumsy 1, magic
resistance 1, negative energy resistance 1, screaming 1, electricity resistance,
wild magic 1, unbreathing, petrification resistance, rot immunity, AC +20
}: 4/15 runes: decaying, slimy, silver, gossamer
a: Stop Flying, Curse Item, Scrying, Transfer Knowledge, Renounce Religion


You were on level 7 of the Iron City of Dis.
You worshipped Ashenzari.
Ashenzari was exalted by your worship.
You were hungry.

You visited 14 branches of the dungeon, and saw 65 of its levels.
You visited the Abyss 1 time.
You also visited: Labyrinth, Trove, Ice Cave and Volcano.

You collected 8318 gold pieces.
You spent 1052 gold pieces at shops.

Inventory:

Hand Weapons
 a - a +9 vampiric demon whip (weapon)
 b - a +3 hand crossbow of velocity
Missiles
 g - 3 throwing nets
 r - 16 tomahawks
 R - 178 bolts
 S - 7 tomahawks of returning (quivered)
Armour
 A - a +2 pair of boots (worn)
 B - the cursed +0 pair of gloves "Vismux" (worn) {rC+ Dex+3 Slay+2}
   (You acquired it on level 5 of the Depths)

   It affects your dexterity (+3).
   It affects your accuracy and damage with ranged weapons and melee attacks
   (+2).
   It protects you from cold.
   It has a curse placed upon it.
 C - cursed +4 gold dragon scales (worn)
 J - a cursed scarf of repulsion (worn)
 O - a cursed +0 large shield of reflection (worn)
Jewellery
 l - a cursed amulet of regeneration (around neck)
 m - the cursed ring of Cezideum (right hand) {Fire rN+ MR+ Int+3 Slay+3}
   (You found it in a treasure trove)

   [ring of fire]

   It enhances your fire magic.
   It affects your intelligence (+3).
   It affects your accuracy and damage with ranged weapons and melee attacks
   (+3).
   It protects you from fire.
   It makes you vulnerable to cold.
   It protects you from negative energy.
   It affects your resistance to hostile enchantments.
   It has a curse placed upon it.
 n - a +4 amulet of reflection
 q - a +4 amulet of reflection
 s - a +6 ring of slaying (left hand)
 y - an uncursed ring of resist corrosion
 z - the ring "Qiabepna" {MR++ Str+4 Dex+2}
   (You bought it in a shop on level 2 of the Orcish Mines)

   [ring of dexterity]

   It affects your strength (+4).
   It affects your dexterity (+2).
   It affects your resistance to hostile enchantments.
 Q - the ring of Utsif {rF++ rN+}
   (You found it on level 3 of the Crypt)

   [ring of positive energy]

   It greatly protects you from fire.
   It protects you from negative energy.
Wands
 G - a wand of disintegration (12/24)
 N - a wand of digging (8/24)
Scrolls
 d - 4 scrolls of summoning
 e - 6 scrolls of remove curse
 i - 19 scrolls of teleportation
 o - 5 scrolls of magic mapping
 p - 7 scrolls of fog
 t - 4 scrolls of fear
 w - 3 scrolls of blinking
 x - 2 scrolls of recharging
 H - 4 scrolls of amnesia
 L - 2 scrolls of holy word
 M - 25 scrolls of identify
 W - 3 scrolls of silence
Potions
 c - 3 potions of cancellation
 j - 14 potions of curing
 k - 2 potions of agility
 u - a potion of might
 v - 2 potions of resistance
 D - 3 potions of magic
 F - 2 potions of invisibility
 I - 7 potions of ambrosia
 P - 11 potions of brilliance
 T - 2 potions of heal wounds
 Y - 3 potions of haste
 Z - 5 potions of mutation
Miscellaneous
 E - 6 phantom mirrors
Comestibles
 f - 37 bread rations
 h - 15 royal jellies
 K - 5 chunks of flesh
 V - 33 meat rations


   Skills:
 O Level 27 Fighting
 * Level 25.9 Maces & Flails
 + Level 10.3 Crossbows
 - Level 7.8 Throwing
 + Level 23.8(27) Armour
 + Level 26.0(27) Shields
 - Level 2.1(4.4) Charms
 - Level 3.9(6.7) Translocations


You had 15 spell levels left.
You knew the following spells:

 Your Spells              Type           Power        Failure   Level  Hunger
a - Blink                 Tloc           N/A          17%         2    ###....
b - Shroud of Golubria    Chrm/Tloc      ###.......   26%         2    ###....
c - Swiftness             Chrm/Air       ##......     65%         2    ###....
d - Silence               Hex/Air        #.........   100%        5    ######.


Dungeon Overview and Level Annotations

Branches:
Dungeon (15/15)            Temple (1/1) D:4            Lair (6/6) D:10
  Swamp (4/4) Lair:3       Spider (4/4) Lair:4        Slime (5/5) Lair:5
    Orc (2/2) D:10            Elf (3/3) Orc:2        Vaults (5/5) D:14
  Crypt (3/3) Vaults:2       Tomb (0/3) Crypt:3      Depths (5/5) D:15
   Hell (1/1)                 Dis (7/7) Hell            Geh (0/7) Hell
    Coc (0/7) Hell            Tar (0/7) Hell            Zot (4/5) Depths:5

Altars:
Ashenzari
Cheibriados
Dithmenos
Elyvilon
Fedhas
Gozag
Hepliaklqana
Kikubaaqudgha
Makhleb
Nemelex Xobeh
Okawaru
Qazlal
Ru
Sif Muna
Uskayaw
Vehumet
Xom
Yredelemnul
The Shining One
Jiyva

Shops:
D:7 (   D:13 }%   D:14 =   Orc:2 =[:*   Elf:3 =   Vaults:5 [}??(

Portals:
Hell: Depths:1 Depths:2 Depths:3 Depths:4 Depths:5
Abyss: Depths:1 Depths:3 Depths:4
Pandemonium: Depths:2 Depths:3
Ziggurat: Depths:3

Annotations:
D:3 Robin
D:5 Eustachio
D:9 Erolcha
D:10 exclusion: sensed monster (detected)
Spider:4 exclusion: Roxanne, Roxanne
Elf:2 5 runed doors
Dis:7 Serpent of Hell


Innate Abilities, Weirdness & Mutations

You are resistant to torment.
Your stone body is resilient. (AC +20)
You are immune to poison.
Your large and strong wings let you fly indefinitely.
You resist negative energy. (rN+)
You are resistant to electric shocks. (rElec)
You can survive without breathing.
You are immune to petrification.
You are immune to rotting.
You have a pair of small antennae on your head.
You have sharp fingernails.
You are partially covered in icy blue scales. (AC +2)
Your mind is acute. (Int +2)
You are clumsy. (Dex -2)
You are resistant to hostile enchantments. (MR+)
You occasionally shout uncontrollably at your foes.
Your spells are a little harder to cast, but a little more powerful.


Message History

The Hell Sentinel gestures at you.
The sphere of damnation explodes!
The damnation engulfs you!
* * * LOW HITPOINT WARNING * * *
The damnation engulfs the Hell Sentinel.
The Hell Sentinel completely resists.
You hit the Hell Sentinel but do no damage.
The Hell Sentinel is lightly wounded.
You hit the Hell Sentinel but do no damage.
The Hell Sentinel is lightly wounded.
You are no longer corroded.
The Hell Sentinel gestures at you.
The sphere of damnation explodes!
The damnation engulfs you!
* * * LOW HITPOINT WARNING * * *
The damnation engulfs the Hell Sentinel.
The Hell Sentinel completely resists.
The Hell Sentinel gestures at you.
The sphere of damnation explodes!
The damnation engulfs the Hell Sentinel.
The Hell Sentinel completely resists.
The damnation engulfs you!
You die...

,,*,,***,,,,,**,,*
*,,,,,*,,,,,**#..#
,,,*,,,,,*∆,,*#..#
,****,,,****,*#.8#
,,,*,,,,,*,,,*#..#
*,,,,,*,,,,,**#..#
,,,,,***,,,,,*#..#
*,*,,,*,,,,,,++..#
,,,,,,*,,,,,,++.@#
,,*,*,,,*,,,,*#.1#
**********++**#.1#
**********++**#..#
,,,,,,,,,,,,,,...#
8,,,,,8,,,,,,...8#
*************#####


You could see 2 Hell Sentinels.

Vanquished Creatures
  the Royal Jelly (Slime:5)
  6 ancient liches
  An orb of fire (Zot:1)
  A juggernaut (Depths:1)
  2 shard shrikes (Zot:4)
  5 caustic shrikes (Depths:5)
  2 Killer Klowns (Zot:1)
  15 golden dragons
  Nikola (Swamp:2)
  A profane servitor (Depths:3)
  Geryon (Hell)
  2 bone dragons
  An electric golem (Zot:1)
  An iron giant (Dis:4)
  A Brimstone Fiend (Dis:3)
  A Hell Sentinel (Dis:6)
  6 liches
  7 tentacled monstrosities
  2 deep elf blademasters (Elf:3)
  Asterion (Elf:1)
  A deep elf master archer (Elf:3)
  6 quicksilver dragons
  23 acid blobs
  7 death cobs
  5 titans
  5 ancient champions
  Gastronok (D:9)
  8 sphinxes
  Agnes (Elf:1)
  5 thorn hunters
  7 tengu reavers
  4 revenants
  Kirke (Lair:6)
  16 storm dragons
  8 shadow dragons
  10 azure jellies
  A nagaraja (Vaults:2)
  6 draconian monks
  8 deep elf sorcerers
  26 frost giants
  5 draconian knights
  5 ghost moths
  4 iron dragons
  7 fire giants
  26 vault wardens
  4 balrugs
  9 emperor scorpions
  2 curse skulls
  4 draconian scorchers
  2 draconian shifters
  Louise (Elf:3)
  3 cacodemons
  A draconian annihilator (Zot:3)
  7 draconian stormcallers
  5 deep elf elementalists
  2 spriggan defenders (Depths:2)
  29 very ugly things
  16 war gargoyles
  6 ghouls
  16 ironheart preservers
  11 entropy weavers
  16 reapers
  7 vampire knights
  19 stone giants
  5 deep elf demonologists
  6 yellow draconians
  17 black draconians
  8 deep elf annihilators
  8 green draconians
  6 purple draconians
  Azrael (Elf:1)
  5 dire elephants
  13 red draconians
  6 white draconians
  The ghost of shugdite the Fencer, a journeyman MiFi of Okawaru (Lair:2)
  10 deep elf death magi
  3 eidola
  A green death (Hell)
  The ghost of p0werm0de the Fighter, a journeyman DsBe of Trog (Orc:1)
  A fire dragon (shapeshifter) (Vaults:5)
  4 spark wasps
  18 ettins
  4 blizzard demons
  2 crystal guardians
  4 jiangshi
  8 death oozes
  11 great orbs of eyes
  8 deep elf high priests
  10 fire dragons
  A minotaur (Lab)
  A kraken zombie (Hell)
  2 pearl dragon zombies (Depths:3)
  An ice dragon (shapeshifter) (Depths:4)
  36 vault guards
  5 rakshasas
  15 yaktaur captains
  19 hydras
  A monstrous demonspawn (Depths:2)
  2 quicksilver dragon zombies
  A juggernaut simulacrum (Depths:4)
  3 ghost crabs
  18 ice dragons
  A catoblepas (Vaults:2)
  7 spriggan air magi
  2 hell beasts (Hell)
  6 centaur warriors
  An anaconda (Lair:6)
  A two-headed ogre (shapeshifter) (Vaults:5)
  8 alligators
  8 death knights
  7 hell hogs
  6 vampire magi
  9 deep troll shamans
  12 ogre magi
  7 death scarabs (Spider:4)
  13 deep troll earth magi
  A titan zombie (Crypt:3)
  4 tengu warriors
  9 dancing weapons
  36 two-headed ogres
  A queen ant (Spider:1)
  6 spriggan berserkers
  2 iron golems (Hell)
  An orc high priest (Elf:3)
  A shock serpent (shapeshifter) (Depths:2)
  11 soul eaters
  3 iron trolls
  14 hell knights
  22 deep elf knights
  A salamander mystic (Depths:1)
  11 sun demons
  5 shadow wraiths
  A death drake (shapeshifter) (D:15)
  An iron giant zombie (Crypt:2)
  42 skeletal warriors
  A golden dragon zombie (Dis:5)
  A fire crab (shapeshifter) (Vaults:4)
  2 quicksilver dragon simulacra (Depths:5)
  An anaconda zombie (Hell)
  3 unseen horrors
  A sixfirhy (Hell)
  A spark wasp zombie (Depths:3)
  41 deep trolls
  19 phantasmal warriors
  8 deep elf archers
  3 glowing orange brains
  A lindwurm (Lair:6)
  15 swamp dragons
  3 wizards
  5 spriggan druids (Swamp:3)
  A golden dragon skeleton (Dis:6)
  An orange crystal statue (Vaults:4)
  14 flayed ghosts
  4 shambling mangroves
  14 orb spiders
  16 orc knights
  A tengu zombie (Depths:4)
  3 spectral wolf spiders (Spider:4)
  2 iron dragon zombies
  8 necromancers
  16 ironbrand convokers
  3 orc sorcerers
  66 deep elf magi
  41 ugly things
  A shadow dragon skeleton (Crypt:1)
  A moth of wrath (shapeshifter) (Vaults:5)
  An orb spider (shapeshifter) (Depths:2)
  2 shining eyes (shapeshifter)
  6 shining eyes
  24 wolf spiders
  4 cyclopes
  2 salamanders (Depths:1)
  4 stone giant zombies
  A fire giant zombie (Dis:7)
  5 manticores
  31 rust devils
  21 moths of wrath
  A torpor snail (shapeshifter) (Vaults:5)
  11 elephants
  9 fire giant skeletons (Crypt:3)
  4 apis skeletons (Depths:3)
  4 ice statues
  An elephant (shapeshifter) (Depths:2)
  A molten gargoyle (Hell)
  3 water nymphs (shapeshifter)
  Joseph (D:10)
  5 smoke demons
  A black mamba (shapeshifter) (Depths:2)
  11 vault sentinels
  An eye of devastation (Vaults:2)
  11 gargoyles
  A storm dragon simulacrum (Vaults:3)
  A torpor snail (Lair:6)
  2 shock serpent skeletons
  3 centaur skeletons
  3 black mambas
  2 orange demons
  A spiny frog (shapeshifter) (Depths:2)
  17 spiny frogs
  2 emperor scorpion zombies
  6 hellions
  A dire elephant skeleton (Crypt:3)
  13 ice devils
  63 yaktaurs
  18 freezing wraiths
  2 redback zombies (Spider:4)
  6 komodo dragons
  A catoblepas zombie (Dis:3)
  5 spectral redbacks (Spider:4)
  A human zombie (Vaults:2)
  3 rime drakes
  19 demonic crawlers
  A purple draconian skeleton (Crypt:1)
  2 hellwings
  2 elf skeletons
  A komodo dragon (shapeshifter) (Vaults:5)
  4 tormentors
  An anaconda simulacrum (Hell)
  2 hydra zombies (Hell)
  A jumping spider (shapeshifter) (Vaults:5)
  27 hornets
  A catoblepas skeleton (Crypt:3)
  9 red devils
  A harpy zombie (D:15)
  8 trolls
  3 meliai (shapeshifter)
  42 jumping spiders
  A tyrant leech (shapeshifter) (Vaults:2)
  A polar bear (shapeshifter) (Vaults:4)
  Prince Ribbit (D:6)
  3 spectral jumping spiders (Spider:4)
  7 spectral tarantellas (Spider:4)
  8 tyrant leeches
  2 alligator zombies
  A blink frog (shapeshifter) (Vaults:1)
  A hydra skeleton (Hell)
  2 ice dragon zombies
  A dream sheep (Lair:2)
  A harpy skeleton (Crypt:3)
  A hornet (shapeshifter) (Depths:2)
  A raiju (shapeshifter) (Depths:2)
  8 bog bodies
  10 blink frogs
  6 tarantella zombies (Spider:4)
  12 hippogriffs
  A meliai zombie (D:13)
  2 jumping spider zombies
  123 slime creatures
  2 ettin zombies
  8 fire dragon skeletons (Crypt:3)
  An alligator skeleton (Crypt:1)
  11 shadows
  A small abomination (Vaults:2)
  An elf zombie (Depths:3)
  2 spriggans (shapeshifter)
  13 spriggans
  16 wraiths
  14 yaks
  10 flying skulls
  53 redbacks
  3 water elementals
  5 fire bats (Volcano)
  5 vampires
  An ettin skeleton (Dis:6)
  Grum (D:11)
  10 air elementals
  4 hogs
  2 humans (shapeshifter)
  31 tarantellas
  A basilisk (shapeshifter) (Depths:2)
  A golden eye (shapeshifter) (Vaults:3)
  14 fire elementals
  5 golden eyes (Slime:2)
  2 humans
  5 basilisks
  4 hungry ghosts
  30 vampire mosquitoes
  A swamp worm (shapeshifter) (D:12)
  18 insubstantial wisps
  9 wargs
  A torturous demonspawn zombie (Crypt:1)
  A hydra simulacrum (Hell)
  4 acid dragons
  14 soldier ants
  18 swamp worms
  2 large abominations
  11 water moccasins
  A soldier ant (shapeshifter) (Depths:3)
  A spiny frog zombie (Crypt:3)
  A floating eye (Depths:5)
  57 orc warriors
  13 hell hounds
  10 swamp drakes
  3 ice beasts
  A lindwurm zombie (Crypt:2)
  11 porcupines
  A spiny frog skeleton (Hell)
  An ice beast (shapeshifter) (Vaults:2)
  3 phantoms
  2 spectral hornets (Spider:4)
  A black bear (Lair:1)
  A sky beast (D:6)
  A snapping turtle zombie (Crypt:3)
  A swamp drake (shapeshifter) (Vaults:5)
  2 ettin simulacra (Depths:5)
  5 necrophages
  An eye of draining (shapeshifter) (Vaults:5)
  7 eyes of draining
  An ogre (shapeshifter) (Depths:2)
  16 boggarts
  23 ogres
  16 wolves
  30 centaurs
  A blink frog skeleton (Crypt:1)
  6 crocodiles
  A big kobold (shapeshifter) (Vaults:4)
  3 big kobolds
  19 bullfrogs
  A komodo dragon skeleton (Crypt:2)
  A gnoll sergeant (D:11)
  A draconian skeleton (Crypt:1)
  3 human skeletons
  A water moccasin zombie (D:9)
  2 earth elementals
  A shapeshifter zombie (Crypt:1)
  6 scorpions
  15 killer bees
  A human simulacrum (Vaults:2)
  A spriggan skeleton (Crypt:3)
  A raiju skeleton (Crypt:2)
  16 wights
  An orc simulacrum (Vaults:2)
  3 howler monkeys
  8 electric eels
  7 crimson imps
  A wolf zombie (Crypt:1)
  4 lava snakes (Volcano)
  3 centaur zombies
  A bullfrog zombie (D:7)
  2 quasits
  A draconian simulacrum (IceCv)
  10 hounds
  27 orc wizards
  22 orc priests
  4 bullfrog skeletons
  5 iron imps
  2 jellies (D:10)
  8 iguanas
  2 troll simulacra (IceCv)
  4 spriggan simulacra (IceCv)
  11 hell rats
  24 worker ants
  A killer bee zombie (D:10)
  2 centaur simulacra (IceCv)
  A felid skeleton (Crypt:2)
  A hound zombie (D:6)
  2 hound skeletons
  A mummy (Dis:1)
  A howler monkey zombie (D:6)
  A worker ant zombie (D:11)
  10 gnolls
  11 adders
  An ogre simulacrum (IceCv)
  7 shadow imps
  2 white imps (Depths:3)
  An ufetubus (Depths:3)
  2 oozes
  3 adder zombies
  9 dart slugs (D:4)
  7 leopard geckos
  135 orcs
  3 giant cockroaches
  13 goblins
  7 hobgoblins
  8 jackals
  3 quokkas
  A ball python (D:4)
  7 bats
  4 frilled lizards
  A frilled lizard skeleton (Crypt:2)
  A gnoll skeleton (Crypt:2)
  A goblin zombie (Crypt:2)
  17 kobolds
  A quokka zombie (D:8)
  2 rats
  A rat (shapeshifter) (Vaults:2)
  2 briar patches (Swamp:4)
  A bush (D:15)
  9 crawling corpses
  9 plants
2934 creatures vanquished.

Vanquished Creatures (collateral kills)
  An azure jelly (Slime:5)
  2 death oozes (Slime:5)
  A hell knight (Hell)
  An anaconda simulacrum (Hell)
  A slime creature (Slime:5)
  2 crimson imps (Hell)
  A gnoll (D:11)
  A goblin (D:3)
10 creatures vanquished.

Vanquished Creatures (others)
  A golden dragon (Vaults:5)
  3 stone giants
  A yellow draconian (Zot:4)
  A red draconian (Zot:4)
  A yaktaur captain (Depths:5)
  A vault guard (Vaults:5)
  A centaur warrior (Depths:1)
  A two-headed ogre (Vaults:1)
  A shadow wraith (Vaults:2)
  4 deep elf archers
  A wolf spider (Spider:1)
  A cyclops (Vaults:2)
  25 yaktaurs
  A hellwing (Depths:3)
  A redback (Spider:3)
  A wraith (Depths:5)
  3 humans
  An orc warrior (Orc:2)
  3 ogres
  2 ettin simulacra (Depths:5)
  4 boggarts
  9 centaurs
  A gnoll (D:11)
  A shadow imp (D:15)
  3 goblins (D:3)
  A briar patch (Swamp:4)
  A fire vortex (Depths:1)
  5 fungi (Lair:6)
  3 pillars of salt (Vaults:2)
  13 plants
  5 tentacles (Hell)
  A toadstool (Swamp:3)
101 creatures vanquished.

Grand Total: 3045 creatures vanquished

Notes
Turn   | Place    | Note
-------+----------+-------------------------------------------
     0 | D:1      | manon the Gargoyle Fighter began the quest for the Orb.
     0 | D:1      | Reached XP level 1. HP: 14/14 MP: 1/1
   348 | D:1      | Reached XP level 2. HP: 19/19 MP: 2/2
   856 | D:2      | Reached XP level 3. HP: 20/23 MP: 3/3
  1078 | D:2      | Reached XP level 4. HP: 28/28 MP: 4/4
  1454 | D:2      | Found a stormy altar of Qazlal.
  1765 | D:3      | Reached XP level 5. HP: 20/32 MP: 5/5
  2054 | D:3      | Noticed Robin
  2359 | D:4      | Noticed an ogre
  2367 | D:4      | Killed an ogre
  2367 | D:4      | Reached skill level 5 in Maces & Flails
  2367 | D:4      | Reached skill level 5 in Shields
  2367 | D:4      | Reached XP level 6. HP: 37/37 MP: 6/6
  2478 | D:4      | Found a staircase to the Ecumenical Temple.
  2484 | Temple   | Entered the Ecumenical Temple
  2506 | Temple   | Became a worshipper of Ashenzari the Shackled
  3061 | D:4      | Reached XP level 7. HP: 41/41 MP: 7/7
  3323 | D:5      | Entered Level 5 of the Dungeon
  3418 | D:5      | Noticed Eustachio
  3813 | D:6      | Reached XP level 8. HP: 46/46 MP: 8/8
  3842 | D:6      | Noticed Prince Ribbit
  3863 | D:6      | Killed Prince Ribbit
  4008 | D:6      | Found a sacrificial altar of Ru.
  4544 | D:7      | Reached XP level 9. HP: 51/51 MP: 9/9
  4586 | D:7      | Found Xaheulu's Weapon Boutique.
  4711 | D:7      | Reached skill level 10 in Maces & Flails
  5149 | D:7      | Reached * piety under Ashenzari
  5337 | D:7      | Found a deep blue altar of Sif Muna.
  5849 | D:8      | Reached XP level 10. HP: 50/56 MP: 10/10
  6201 | D:8      | Reached skill level 10 in Shields
  6224 | D:8      | Noticed a two-headed ogre
  6238 | D:8      | Killed a two-headed ogre
  6804 | D:9      | Reached ** piety under Ashenzari
  7022 | D:9      | Found a basalt altar of Yredelemnul.
  7022 | D:9      | Noticed Gastronok
  7057 | D:9      | Killed Gastronok
  7057 | D:9      | Reached XP level 11. HP: 44/60 MP: 11/11
  7306 | D:9      | Noticed a two-headed ogre
  7449 | D:9      | Noticed Erolcha
  7477 | D:9      | Killed a two-headed ogre
  7585 | D:10     | Entered Level 10 of the Dungeon
  7821 | D:10     | Noticed Joseph
  7835 | D:10     | Killed Joseph
  8097 | D:10     | Reached skill level 4 in Fighting
  8170 | D:10     | Found a staircase to the Lair.
  8550 | D:10     | Reached *** piety under Ashenzari
  8550 | D:10     | Noticed a two-headed ogre
  8717 | D:10     | Found a staircase to the Orcish Mines.
  8740 | Lair:1   | Entered Level 1 of the Lair of Beasts
  8740 | Lair:1   | Found a labyrinth entrance.
  8749 | Lab      | Entered a labyrinth
  9107 | Lab      | Identified the cursed +1 scale mail "Pealeiv" {*Drain Str-3 Int+9 Stlth+}
  9407 | Lab      | Noticed a minotaur
  9415 | Lab      | Killed a minotaur
  9415 | Lab      | Identified the cursed +1 gold dragon scales "Icanuud" {*Corrode +Fly rPois rF+ rC+ Dex+4 Stlth+} (You took it off a minotaur in a labyrinth)
  9415 | Lab      | Identified the +11 rapier "Eneahit" {drain, +Inv rPois MP+9 Str-3} (You took it off a minotaur in a labyrinth)
  9415 | Lab      | Reached skill level 5 in Fighting
  9429 | Lab      | Got the uncursed pair of gloves of Salvation {rElec rF+ Str+4}
  9447 | D:10     | Identified the +0 pair of gloves of Salvation {rElec rF+ Str+4} (You found it in a labyrinth)
  9624 | Lair:1   | Reached XP level 12. HP: 62/68 MP: 12/12
  9772 | Lair:1   | Reached skill level 5 in Armour
 10239 | Lair:1   | Noticed an eight-headed hydra
 10247 | Lair:1   | Killed an eight-headed hydra
 10247 | Lair:1   | Reached skill level 1 in Throwing
 10361 | Lair:2   | Noticed shugdite's ghost (journeyman MiFi)
 10437 | Lair:2   | Reached skill level 6 in Fighting
 10622 | Lair:2   | Reached **** piety under Ashenzari
 10701 | Lair:2   | Identified the +7 flail "Hatrecw" {chaos, Fragile +Fly Dex+3}
 10942 | Lair:2   | Killed shugdite's ghost
 11257 | Lair:3   | Found a staircase to the Swamp.
 12128 | Lair:4   | Found a hole to the Spider Nest.
 12153 | Lair:4   | Noticed an eight-headed hydra
 12177 | Lair:4   | Killed an eight-headed hydra
 12177 | Lair:4   | Reached skill level 7 in Fighting
 12216 | Lair:4   | Reached XP level 13. HP: 68/76 MP: 13/13
 12866 | Lair:5   | Found a dark tunnel.
 12884 | Volcano  | Entered a volcano
 13112 | Volcano  | Reached skill level 15 in Maces & Flails
 13416 | Lair:5   | Reached ***** piety under Ashenzari
 13467 | Lair:5   | Identified the +5 war axe "Grim Tooth" {chop, +Rage rPois rC+ Stlth-}
 13473 | Lair:5   | Reached skill level 8 in Fighting
 13769 | Lair:5   | Found a viscous altar of Jiyva.
 13769 | Lair:5   | Found a staircase to the Slime Pits.
 13842 | Lair:6   | Entered Level 6 of the Lair of Beasts
 14042 | Lair:6   | Reached skill level 10 in Armour
 14118 | Lair:6   | Noticed Kirke
 14271 | Orc:1    | Entered Level 1 of the Orcish Mines
 14398 | Orc:1    | Noticed a stone giant
 14654 | D:11     | Found a portal to a secret trove of treasure.
 14892 | D:11     | Noticed Grum
 14918 | D:11     | Killed Grum
 15214 | D:11     | Reached skill level 9 in Fighting
 15352 | D:12     | Found a frozen archway.
 15384 | IceCv    | Entered an ice cave
 15804 | IceCv    | Gained mutation: Your large and strong wings let you fly indefinitely. [Gargoyle growth]
 15804 | IceCv    | Reached XP level 14. HP: 87/87 MP: 14/14
 16056 | D:12     | Reached skill level 10 in Fighting
 16470 | D:13     | Found Vouggeat's Food Emporium.
 16668 | D:13     | Found Hariw's Quality Used Wands.
 16756 | D:13     | Reached ****** piety under Ashenzari
 17124 | D:13     | Reached skill level 11 in Fighting
 17928 | D:11     | You paid a toll of 3 potions of resistance to enter a treasure trove
 17929 | Trove    | Entered a treasure trove
 17932 | Trove    | Identified the cursed ring of Cezideum {Fire rN+ MR+ Int+3 Slay+3}
 17932 | Trove    | Identified the cursed amulet of Grontol {Harm *Drain rC+ Str+4 Int+4}
 17932 | Trove    | Identified the cursed ring "Olarisch" {Fire rElec Str-4 Int+6}
 17932 | Trove    | Identified the amulet of Equilibrium {RegenMP Stlth+}
 17932 | Trove    | Identified the amulet of Sisipp {Inacc rElec Str+4}
 17932 | Trove    | Identified the ring of Elyvilon's Approval {+Fly AC+2 Int-2 Stlth+}
 17933 | Trove    | Identified the cursed ring of the Pariah {MR+ EV+1 Int+2}
 17933 | Trove    | Identified the amulet "Iptaosk" {Inacc *Slow MR+ Int+4}
 18208 | D:14     | Found Eriujor's Jewellery Boutique.
 18357 | D:14     | Identified the cursed +1 chain mail "Baku" {Str+3 Dex+3}
 18388 | D:14     | Found a gate to the Vaults.
 18719 | Swamp:1  | Entered Level 1 of the Swamp
 18761 | Swamp:1  | Reached skill level 12 in Fighting
 18821 | Swamp:1  | Noticed a thorn hunter
 18843 | Swamp:1  | Killed a thorn hunter
 18978 | Swamp:1  | Identified the cursed +0 robe of Autumn {rC+ Dex+3}
 18998 | Swamp:1  | Reached XP level 15. HP: 91/96 MP: 15/15
 19295 | Swamp:1  | Noticed Nikola
 19931 | Swamp:2  | Killed Nikola
 19931 | Swamp:2  | Reached skill level 13 in Fighting
 20658 | Swamp:3  | Reached skill level 15 in Shields
 21024 | Swamp:3  | Noticed a thorn hunter
 21038 | Swamp:3  | Killed a thorn hunter
 21416 | Swamp:3  | Noticed a thorn hunter
 21439 | Swamp:3  | Reached skill level 14 in Fighting
 21444 | Swamp:3  | Killed a thorn hunter
 21444 | Swamp:3  | Reached XP level 16. HP: 39/106 MP: 16/16
 22197 | Orc:1    | Noticed p0werm0de's ghost (journeyman DsBe)
 22207 | Orc:1    | Killed p0werm0de's ghost
 22299 | Orc:2    | Entered Level 2 of the Orcish Mines
 22526 | Orc:2    | Found a radiant altar of Vehumet.
 22638 | Orc:2    | Found a staircase to the Elven Halls.
 23389 | Orc:2    | Found Mitre's Book Boutique.
 23389 | Orc:2    | Found Kosos's Assorted Antiques.
 23405 | Orc:2    | Bought a scroll of identify for 42 gold pieces
 23491 | Orc:2    | Found Kodurch's Armour Emporium.
 23561 | Orc:2    | Found Hyngiupp's Jewellery Boutique.
 23820 | Spider:1 | Entered Level 1 of the Spider Nest
 24023 | Spider:1 | Reached skill level 15 in Fighting
 25236 | Spider:2 | Reached XP level 17. HP: 111/114 MP: 17/17
 25472 | Spider:2 | Reached skill level 16 in Fighting
 26603 | Spider:3 | Identified the cursed +0 pair of boots of the Empire {*Corrode rN++ Regen+ Int+9}
 26792 | Spider:4 | Entered Level 4 of the Spider Nest
 27203 | Spider:4 | Noticed Roxanne
 27674 | Spider:4 | Reached skill level 17 in Fighting
 27764 | Spider:4 | Reached XP level 18. HP: 123/123 MP: 18/18
 28298 | Spider:4 | Got a gossamer rune of Zot
 28533 | Spider:4 | Reached skill level 15 in Armour
 28808 | Orc:2    | Bought the ring "Qiabepna" {MR++ Str+4 Dex+2} for 438 gold pieces
 29029 | Swamp:4  | Entered Level 4 of the Swamp
 29029 | Swamp:4  | Identified the ring of Xom's Full Attention {*Tele MR+ Str+3 Int-2 Dex+2}
 29701 | Swamp:4  | Reached skill level 18 in Fighting
 29829 | Swamp:4  | Got a decaying rune of Zot
 30124 | Lair:6   | Killed Kirke
 30394 | Lair:6   | Identified 2 scrolls of acquirement
 30676 | Lair:6   | Found a hide-covered altar of Uskayaw.
 30966 | Lair:6   | Reached XP level 19. HP: 131/131 MP: 19/19
 31335 | D:15     | Entered Level 15 of the Dungeon
 31650 | D:15     | Found a staircase to the Depths.
 32039 | D:15     | Identified the cursed +0 pair of boots of the Catamount {rC- Str+6} (You acquired it on level 15 of the Dungeon)
 32122 | Vaults:1 | Entered Level 1 of the Vaults
 32554 | Vaults:2 | Cast into level 2 of the Abyss (ettin)
 32608 | Vaults:2 | Escaped the Abyss
 32716 | Vaults:2 | Reached skill level 19 in Fighting
 34349 | Vaults:2 | Reached XP level 20. HP: 138/140 MP: 20/20
 34398 | Vaults:2 | Noticed a golden dragon
 34436 | Vaults:2 | Killed a golden dragon
 34510 | Vaults:2 | Found a basalt altar of Yredelemnul.
 34510 | Vaults:2 | Found a staircase to the Crypt.
 34510 | Vaults:2 | Found an ancient bone altar of Kikubaaqudgha.
 34875 | Vaults:2 | Identified the +9 flail of Urakoriu {distort, Dex+4} (You took it off a vault warden on level 2 of the Vaults)
 35113 | Vaults:2 | Reached skill level 20 in Fighting
 35170 | Vaults:2 | Reached skill level 5 in Throwing
 35303 | Vaults:2 | Identified the Volume of Confrontation
 35761 | Elf:1    | Entered Level 1 of the Elven Halls
 35966 | Elf:1    | Noticed Agnes
 35979 | Elf:1    | Killed Agnes
 36085 | Elf:1    | Identified the Grimoire of Confrontation
 36230 | Elf:1    | Noticed Azrael
 36254 | Elf:1    | Killed Azrael
 36676 | Elf:1    | Learned a level 2 spell: Blink
 36935 | Elf:1    | Noticed Asterion
 36959 | Elf:1    | Killed Asterion
 37137 | Elf:2    | Reached skill level 1 in Translocations
 37381 | Elf:2    | Reached XP level 21. HP: 147/147 MP: 21/21
 37387 | Elf:2    | Found a huge runed gate.
 37387 | Elf:2    | Found a huge runed gate.
 37387 | Elf:2    | Found a huge runed gate.
 37389 | Elf:2    | Found a huge runed gate.
 37389 | Elf:2    | Found a huge runed gate.
 37521 | Elf:3    | Entered Level 3 of the Elven Halls
 37540 | Elf:3    | Found Ticusul's Jewellery Emporium.
 37866 | Depths:1 | Entered Level 1 of the Depths
 38266 | Depths:1 | Noticed a juggernaut
 38284 | Depths:1 | Killed a juggernaut
 38878 | Depths:1 | Identified the Papyrus of Enthralling Calling
 39154 | Depths:1 | Reached skill level 21 in Fighting
 39480 | Depths:1 | Found a gateway to Hell.
 39583 | Depths:1 | Found a one-way gate to the infinite horrors of the Abyss.
 39926 | Depths:2 | Noticed a golden dragon
 39943 | Depths:2 | Killed a golden dragon
 40643 | Depths:2 | Reached XP level 22. HP: 155/155 MP: 22/22
 40998 | Depths:2 | Found a one-way gate leading to the halls of Pandemonium.
 41225 | Depths:2 | Noticed a golden dragon
 41273 | Depths:2 | Killed a golden dragon
 41532 | Depths:2 | Noticed a golden dragon
 41553 | Depths:2 | Killed a golden dragon
 41586 | Depths:2 | Identified the +10 quarterstaff "Newtbane" {crush, *Noise rN+ Str+2}
 41599 | Depths:2 | Identified the Guide on Intoxication and Battle Magic
 42098 | Depths:3 | Found a gateway to a ziggurat.
 42162 | Depths:3 | Reached skill level 22 in Fighting
 42581 | Depths:3 | Found a basalt altar of Yredelemnul.
 42597 | Depths:3 | Noticed a profane servitor
 42631 | Depths:3 | Killed a profane servitor
 43322 | Depths:3 | Reached XP level 23. HP: 163/163 MP: 23/23
 44174 | Depths:4 | Reached skill level 23 in Fighting
 44185 | Depths:4 | Noticed a golden dragon
 44213 | Depths:4 | Killed a golden dragon
 44322 | Depths:4 | Learned a level 2 spell: Shroud of Golubria
 45323 | Elf:3    | Noticed Louise
 45335 | Elf:3    | Killed Louise
 45531 | Elf:3    | Learned a level 2 spell: Swiftness
 45803 | Elf:3    | Reached skill level 1 in Charms
 46024 | Elf:3    | Reached XP level 24. HP: 172/172 MP: 23/23
 46145 | Elf:3    | Identified the +3 ring mail of Zin's Benevolence {Stlth+}
 46261 | Elf:3    | Identified the cursed +2 spear of Defence by Offence {pierce, rPois rN+ MR+}
 46269 | Elf:3    | Identified the +2 robe of the Blacksmith {rC- Str+7}
 46276 | Elf:3    | Identified the Catalogue of Blows and Bruises
 46821 | Vaults:3 | Identified the ring "Xurail" {Str+4 Int+4}
 48237 | Vaults:4 | Reached skill level 24 in Fighting
 48510 | Vaults:4 | Identified the +1 scale mail of Annuj {rPois rF+ Int+2 Slay+3}
 48827 | Vaults:4 | Identified the +1 chain mail "Uhyromm" {rPois rF+}
 49362 | Crypt:1  | Entered Level 1 of the Crypt
 49402 | Crypt:1  | Reached XP level 25. HP: 152/179 MP: 23/23
 50770 | Crypt:3  | Entered Level 3 of the Crypt
 51131 | Crypt:3  | Identified the ring of Utsif {rF++ rN+}
 51144 | Crypt:3  | Identified the amulet "Caxti" {*Corrode +Fly rElec rN+ Regen+}
 51144 | Crypt:3  | Identified the ring "Lahang" {-Tele rPois rF+ rN+ Str+5}
 51360 | Crypt:3  | Identified the cursed +1 leather armour "Vikis" {Int+4 SInv}
 51888 | Crypt:3  | Noticed an ancient lich
 51914 | Crypt:3  | Noticed an ancient lich
 51943 | Crypt:3  | Noticed an ancient lich
 51943 | Crypt:3  | Found an ancient bone altar of Kikubaaqudgha.
 51954 | Crypt:3  | Killed an ancient lich
 51960 | Crypt:3  | Killed an ancient lich
 51999 | Crypt:3  | Killed an ancient lich
 52013 | Crypt:3  | Learned a level 5 spell: Silence
 52444 | Crypt:3  | Found a staircase to the Tomb.
 52790 | Vaults:5 | Entered Level 5 of the Vaults
 52961 | Vaults:5 | Reached XP level 26. HP: 186/186 MP: 23/23
 53157 | Vaults:5 | Noticed an ancient lich
 53168 | Vaults:5 | Killed an ancient lich
 53307 | Vaults:5 | Found Ygepp's Antique Weapon Shoppe.
 53371 | Vaults:5 | Reached skill level 25 in Fighting
 53573 | Vaults:5 | Gained mutation: You occasionally shout uncontrollably at your foes. [a shining eye]
 53575 | Vaults:5 | Gained mutation: You are partially covered in icy blue scales. (AC +2) [a shining eye]
 53705 | Vaults:5 | Found Miagerov's Magic Scroll Boutique.
 53712 | Vaults:5 | Found Moocatul's Magic Scroll Shoppe.
 53716 | Vaults:5 | Bought a scroll of remove curse for 66 gold pieces
 53716 | Vaults:5 | Bought 2 scrolls of remove curse for 132 gold pieces
 53716 | Vaults:5 | Bought a scroll of enchant weapon for 165 gold pieces
 53716 | Vaults:5 | Bought a scroll of fog for 44 gold pieces
 53716 | Vaults:5 | Bought a scroll of blinking for 165 gold pieces
 53775 | Vaults:5 | Found Hipailoa's Antique Armour Boutique.
 53775 | Vaults:5 | Found Balatuog's Gadget Shoppe.
 53965 | Vaults:5 | Identified the +7 chain mail of Tahor {Str+3 Slay+3} (You took it off a vault warden on level 5 of the Vaults)
 54170 | Vaults:5 | Reached XP level 27. HP: 193/193 MP: 23/23
 54279 | Vaults:5 | Got a silver rune of Zot
 54641 | Slime:1  | Entered Level 1 of the Pits of Slime
 54880 | Slime:2  | Gained mutation: Your magical capacity is low. (-10% MP) [a shining eye]
 54882 | Slime:2  | Gained mutation: Your magical capacity is very low. (-20% MP) [a shining eye]
 54967 | Slime:3  | Reached skill level 10 in Throwing
 55091 | Slime:4  | Gained mutation: You are frail. (-10% HP) [a shining eye]
 55137 | Slime:5  | Entered Level 5 of the Pits of Slime
 55233 | Slime:4  | Paralysed by a great orb of eyes for 7 turns
 55383 | Slime:5  | Noticed the Royal Jelly
 55396 | Slime:5  | Killed the Royal Jelly
 55418 | Slime:5  | Gained mutation: Your magical capacity is extremely low. (-30% MP) [a shining eye]
 55788 | Slime:5  | Identified the cursed -5 robe of Misfortune {-Cast *Contam *Tele *Drain EV-5 Stlth-- *Curse}
 55792 | Slime:5  | Identified the cursed +3 hand axe "Goojiat" {freeze, rPois MR+}
 55848 | Slime:5  | Got a slimy rune of Zot
 55860 | Slime:5  | Identified the cursed +1 glaive of Embarrassment {vamp, rC- rN+ Int+3}
 55875 | Slime:5  | Identified the Papyrus of Flying Clay
 55882 | Slime:5  | Identified the Collected Works on the Compass and Air
 55925 | Slime:5  | Gained mutation: Armour fits poorly on your strangely shaped body. [a shining eye]
 56436 | Crypt:2  | Lost mutation: Your magical capacity is extremely low. (-30% MP) [potion of mutation]
 56436 | Crypt:2  | Lost mutation: Armour fits poorly on your strangely shaped body. [potion of mutation]
 56436 | Crypt:2  | Gained mutation: You have a pair of small horns on your head. [potion of mutation]
 56436 | Crypt:2  | Gained mutation: Your spells are a little harder to cast, but a little more powerful. [potion of mutation]
 56436 | Crypt:2  | Gained mutation: You have sharp fingernails. [potion of mutation]
 56574 | Crypt:3  | Lost mutation: You are frail. (-10% HP) [potion of mutation]
 56574 | Crypt:3  | Lost mutation: You have a pair of small horns on your head. [potion of mutation]
 56574 | Crypt:3  | Lost mutation: Your magical capacity is very low. (-20% MP) [potion of mutation]
 56574 | Crypt:3  | Gained mutation: Your mind is acute. (Int +2) [potion of mutation]
 56574 | Crypt:3  | Lost mutation: Your magical capacity is low. (-10% MP) [potion of mutation]
 56574 | Crypt:3  | Gained mutation: You have a pair of small antennae on your head. [potion of mutation]
 57195 | Depths:5 | Entered Level 5 of the Depths
 57375 | Depths:5 | Identified the cursed +8 large shield of Xedyhuc {Dex+3} (You acquired it on level 5 of the Depths)
 57398 | Depths:5 | Found a shadowy altar of Dithmenos.
 57409 | Depths:5 | Identified the cursed +0 pair of gloves "Vismux" {rC+ Dex+3 Slay+2} (You acquired it on level 5 of the Depths)
 57427 | Depths:5 | Noticed an ancient lich
 57439 | Depths:5 | Killed an ancient lich
 57467 | Depths:5 | Identified the +6 plate armour "Padghocysi" {rPois Regen+ Int+2 Stlth+}
 57609 | Depths:5 | Found a gate to the Realm of Zot.
 57761 | Depths:5 | Found an iron altar of Okawaru.
 57949 | Depths:5 | Found a hide-covered altar of Uskayaw.
 58299 | Depths:5 | Reached skill level 26 in Fighting
 58344 | Depths:5 | Paralysed by a floating eye for 3 turns
 58469 | Depths:5 | Found a hazy altar of Hepliaklqana.
 59208 | Zot:1    | Entered Level 1 of the Realm of Zot
 59209 | Zot:1    | Noticed an orb of fire
 59225 | Zot:1    | Killed an orb of fire
 59232 | Zot:1    | Noticed an ancient lich
 59252 | Zot:1    | Killed an ancient lich
 60487 | Zot:2    | Identified the cursed +0 robe of Benevolence {rElec Regen+ rCorr}
 61212 | Zot:3    | Identified the +1 chain mail "Vufas" {rC+ Dex+4}
 61780 | Zot:4    | Reached skill level 27 in Fighting
 62453 | Zot:4    | Reduced skill Throwing to level 10
 62644 | Hell     | Entered the Vestibule of Hell
 62644 | Hell     | Noticed Geryon
 62661 | Hell     | Killed Geryon
 62661 | Hell     | Reached skill level 5 in Crossbows
 63264 | Hell     | Paralysed by the power of Zot for 2 turns
 63275 | Hell     | Found a gateway to the freezing wastes of Cocytus.
 63374 | Hell     | Found a gateway to the Iron City of Dis.
 63428 | Hell     | Found a gateway to the ashen valley of Gehenna.
 63480 | Hell     | Found a gateway to the decaying netherworld of Tartarus.
 64001 | Dis:1    | Entered Level 1 of the Iron City of Dis
 64654 | Dis:7    | Entered Level 7 of the Iron City of Dis
 64672 | Dis:7    | Gained mutation: You are resistant to hostile enchantments. (MR+) [a cacodemon]
 64733 | Dis:7    | Reached skill level 10 in Crossbows
 64933 | Dis:7    | Gained mutation: You are clumsy. (Dex -2) [a cacodemon]
 64963 | Dis:7    | Noticed the Serpent of Hell
 64992 | Dis:7    | HP: 7/199 [the Serpent of Hell (6)]
 65082 | Dis:7    | HP: 3/199 [Hell Sentinel/damnation (29)]
 65082 | Dis:7    | Killed from afar by a Hell Sentinel

Skill      XL: |  1  2  3  4  5  6  7  8  9 10 11 12 13 14 15 16 17 18 19 20 21 22 23 24 25 26 27 |
---------------+----------------------------------------------------------------------------------+-----
Maces & Flails | 3 4 5 7 9 11 13 14 15 16 17 18 19 20 21 22 25 | 25.9
Shields        | 4 5 6 7 9 11 12 13 14 15 16 17 18 19 20 22 23 26 | 26.0
Fighting       | 5 7 9 12 14 15 17 18 19 20 21 22 23 24 25 27 | 27.0
Armour         | 4 8 10 11 13 14 15 16 17 18 19 20 23 | 23.8
Throwing       | 1 3 4 6 7 8 9 7 |  7.8
Translocations | 1 3 |  3.9
Charms         | 1 2 |  2.1
Crossbows      | 10 | 10.3

Action                   |  1- 3 |  4- 6 |  7- 9 | 10-12 | 13-15 | 16-18 | 19-21 | 22-24 | 25-27 || total
-------------------------+-------+-------+-------+-------+-------+-------+-------+-------+-------++-------
Melee: Flail             |   125 |   165 |    97 |       |       |       |       |       |       ||   387
       Morningstar       |       |       |   242 |   812 |  1535 |  2100 |  1684 |       |       ||  6373
       Demon whip        |       |       |       |       |       |       |   185 |  2492 |  4673 ||  7350
 Fire: Hunting sling     |       |    63 |    68 |       |       |       |       |       |       ||   131
Throw: Throwing net      |       |       |       |     1 |       |     2 |       |       |       ||     3
       Tomahawk          |       |       |       |     1 |     1 |    27 |    20 |     5 |    15 ||    69
 Cast: Swiftness         |       |       |       |       |       |       |       |     1 |       ||     1
       Blink             |       |       |       |       |       |       |       |       |     1 ||     1
Invok: Curse Item        |       |       |     4 |     2 |     1 |       |     3 |     2 |     1 ||    13
       Scrying           |       |       |       |     1 |       |       |       |       |     4 ||     5
       Transfer Knowledg |       |       |       |       |       |       |       |       |     1 ||     1
 Abil: Fly               |       |       |       |       |     1 |       |     1 |     3 |     5 ||    10
       Stop Flying       |       |       |       |       |       |       |     1 |     4 |     4 ||     9
Evoke: Wand              |       |     7 |       |     3 |    14 |     2 |     6 |     2 |       ||    34
       Sack of spiders   |       |       |       |       |       |       |     3 |       |       ||     3
  Use: Scroll            |       |     3 |     3 |     4 |    12 |     8 |    18 |    11 |    24 ||    83
       Potion            |       |       |     2 |     9 |    10 |     1 |     9 |     1 |    13 ||    45
 Stab: Held in net/web   |       |       |       |     3 |       |     1 |       |       |       ||     4
       Confused          |       |       |       |       |     3 |     2 |       |       |       ||     5
       Invisible         |       |       |       |       |       |       |     6 |       |       ||     6
       Distracted        |       |       |       |       |       |       |       |       |     1 ||     1
  Eat: Chunk             |     1 |     6 |    11 |    18 |    17 |    19 |    24 |    28 |    22 ||   146
       Meat ration       |       |       |     1 |       |     1 |     1 |       |       |       ||     3
       Royal jelly       |       |       |       |     1 |       |       |     6 |       |    11 ||    18
       Fruit             |       |       |       |     1 |    11 |    11 |     2 |     4 |    12 ||    41
Armor: Scale mail        |    83 |   104 |   154 |   207 |     8 |       |       |       |       ||   556
       Plate armour      |       |       |       |       |   527 |   819 |   527 |   606 |       ||  2479
       Gold dragon scale |       |       |       |       |       |       |       |    16 |  1404 ||  1420
Dodge: Dodged            |    49 |    70 |    78 |   150 |   257 |   329 |   218 |   243 |   443 ||  1837
       Deflected         |       |       |       |       |       |       |     6 |    26 |    41 ||    73
Block: Shield            |    63 |    98 |   157 |   345 |  1171 |  2204 |   966 |       |       ||  5004
       Reflection        |       |       |       |       |    28 |    20 |   149 |   117 |   123 ||   437
       Large shield      |       |       |       |       |       |       |   628 |  1944 |  4113 ||  6685
